 Dungeon Crawl Stone Soup version 0.30-a0-782-ge64f9170bb (webtiles) character file.

Game seed: 196362444501981098

105 sanka the Shooter (level 4, -2/36 HPs)
             Began as a Demigod Hunter on Feb 18, 2023.
             Slain by a goblin
             ... wielding a +0 club
             ... led by Robin
              (5 damage)
             ... on level 2 of the Dungeon.
             The game lasted 00:01:35 (1114 turns).

sanka the Shooter (Demigod Hunter)                  Turns: 1114, Time: 00:01:36

Health: -2/36      AC:  5    Str: 12    XL:     4   Next: 29%
Magic:  6/6        EV: 12    Int: 11    God:
Gold:   131        SH:  0    Dex: 21    Spells: 3/3 levels left

rFire   . . .      SeeInvis .    a - +0 shortbow
rCold   . . .      Faith    .    (shield currently unavailable)
rNeg    . . .      Spirit   .    k - +2 leather armour {rPois}
rPois   +          Reflect  .    (no helmet)
rElec   .          Harm     .    (no cloak)
rCorr   .          Rampage  .    (no gloves)
Will    .....                    (no boots)
Stlth   ++                       (no amulet)
HPRegen 0.26/turn                (no ring)
MPRegen 0.10/turn                (no ring)

@: no status effects
A: high MP 1, forlorn, divine attributes
a: no special abilities


You were on level 2 of the Dungeon.
You visited 1 branch of the dungeon, and saw 2 of its levels.

You collected 131 gold pieces.


Innate Abilities, Weirdness & Mutations

You have an increased reservoir of magic. (+10% MP)
You shall have no god before yourself.
Your divine heritage dramatically boosts your attributes as you level up.


   Skills:
 - Level 2.0 Fighting
 + Level 5.4 Ranged Weapons
 - Level 1.7 Dodging
 - Level 0.8 Stealth


You had 3 spell levels left.
You didn't know any spells.
Your spell library contained the following spells:

 Spells                   Type           Power      Damage    Failure   Level
 Anguish                  Hex/Necr       0%         N/A       99%         4
 Enfeeble                 Hex            0%         N/A       100%        7

Inventory:

Hand Weapons
 a - a +0 shortbow (weapon)
Armour
 k - a +2 leather armour of poison resistance (worn)
Jewellery
 l - a ring of protection from cold
Scrolls
 b - a scroll of immolation {!r}
 c - a scroll of fog {unknown}
 d - a scroll of silence {!r}
 e - a scroll of vulnerability {unknown}
 g - 3 scrolls of identify {@r1}
 i - a scroll of poison {unknown}
 m - a scroll of torment {unknown}
Potions
 f - a potion of curing {unknown}
 h - a potion of haste {unknown}
 j - a potion of heal wounds {unknown}

Dungeon Overview and Level Annotations

Branches:
Dungeon (2/15)

Shops:
D:1 (

Annotations:
D:2 Robin

▒.8..▒▒▒▒.†▒▒ ▒.....▒
▒▒..8.⌠▒▒▒.▒▒▒▒▒...▒.▒
▒.▒...▒.▒▒.▒.....▒.▒.▒
..▒..▒▒▒..▒▒.▒.........▒▒
..▒.......▒..▒....▒▒....▒
▒..▒........▒▒....▒▒▒▒▒.▒
▒▒▒.▒......▒▒▒▒....▒▒▒▒▒.▒▒
▒ ▒.▒......▒▒▒▒..g........▒
▒ ▒..▒........▒.pg........▒
▒▒▒▒.▒........▒▒▒gg.......▒
▒...>.........▒ ▒.........▒
▒....▒▒.......▒ ▒.).......▒
.(...▒▒▒▒▒▒▒▒▒▒ ▒)).......▒
.......▒ ▒▒r▒...▒▒▒▒
.......▒▒ ▒)▒...▒ ........▒
▒†▒...▒ ........▒ .)▒...▒


You could see Robin, 3 goblins and a rat.


Message History

The arrow hits the goblin.
You kill the goblin!
The goblin hits you with a +0 club.
* * * LOW HITPOINT WARNING * * *
The goblin barely misses you. The goblin barely misses you.
Robin attacks as you move away! Robin completely misses you.
The goblin attacks as you move away! The goblin barely misses you.
The goblin completely misses you. Robin attacks as you move away!
Robin barely misses you. The goblin attacks as you move away!
The goblin hits you with a +0 club.
* * * LOW HITPOINT WARNING * * *
The goblin misses you. The goblin attacks as you move away!
The goblin closely misses you. Robin throws the goblin at you!
* * * LOW HITPOINT WARNING * * *
The goblin hits you but does no damage.
Okay, then.
Okay, then.
As you read the scroll labelled WADUTI AMUFOE, it crumbles to dust.
It is a scroll of identify.
d - a scroll of silence The goblin closely misses you.
The goblin hits you with a +0 club.
You die...

Action                     |  1- 3 |  4- 6 || total
---------------------------+-------+-------++-------
   Fire: Shortbow          |    81 |    19 ||   100
    Use: Scroll            |       |     1 ||     1
 Armour: Leather armour    |    16 |     7 ||    23
  Dodge: Dodged            |    30 |    17 ||    47

Levels and vault maps discovered:
D:1:      amcnicky_arrival_flooded_fountain, layout_loops_ring, serial_shops,
          nicolae_shop_competitors_out_of_business, serial_bayou_pond_c
D:2:      layout_basic, shapermc_ecumenical_altar_venn, st_stairs_14,
          corner_web_ring, uniq_robin, uniq_natasha

Notes
Turn   | Place    | Note
-------+----------+-------------------------------------------
     0 | D:1      | sanka the Demigod Hunter began the quest for the Orb.
     0 | D:1      | Reached XP level 1. HP: 17/17 MP: 3/3
    72 | D:1      | Reached skill level 2 in Fighting
    83 | D:1      | Found Roenyda's Antique Weapon Shop.
   226 | D:1      | Reached skill level 4 in Ranged Weapons
   307 | D:1      | Reached XP level 2. HP: 18/24 MP: 4/4
   787 | D:2      | Reached XP level 3. HP: 29/29 MP: 5/5
   863 | D:2      | Noticed Natasha
   869 | D:2      | Killed Natasha
   877 | D:2      | Reached skill level 5 in Ranged Weapons
   957 | D:2      | Noticed Natasha
   967 | D:2      | Killed Natasha
   968 | D:2      | Reached XP level 4. HP: 24/36 MP: 6/6
  1099 | D:2      | Noticed Robin
  1113 | D:2      | HP: 3/36 [Robin/goblin (2)]
  1114 | D:2      | Slain by a goblin

Vanquished Creatures
  Natasha (twice) (D:2)
  2 adders (D:2)
  A dart slug (D:2)
  2 endoplasms (D:1)
  2 giant cockroaches
  9 goblins
  3 hobgoblins
  A kobold (D:2)
  A quokka (D:1)
  3 ball pythons
  5 bats
  3 frilled lizards
  A rat (D:1)
35 creatures vanquished.
